 Dungeon Crawl Stone Soup version 0.29.1-15-g9cfb28693d (webtiles) character file.

Game seed: 3890873141416644363

7 javelincjr the Magician (level 1, 0/13 HPs)
             Began as a Demonspawn Hedge Wizard on Apr 6, 2023.
             Slain by a kobold
             ... wielding a +0 trident
              (7 damage)
             ... on level 1 of the Dungeon.
             The game lasted 00:01:31 (403 turns).

javelincjr the Magician (Demonspawn Hedge Wizard)    Turns: 403, Time: 00:01:31

Health: 0/13       AC:  3    Str: 10    XL:     1   Next: 91%
Magic:  2/4        EV: 12    Int: 15    God:
Gold:   9          SH:  0    Dex: 12    Spells: 5/6 levels left

rFire   . . .      SeeInvis .   a - +0 dagger
rCold   . . .      Faith    .   (no shield)
rNeg    . . .      Spirit   .   b - +0 robe
rPois   .          Reflect  .   c - +0 hat
rElec   .          Harm     .   (no cloak)
rCorr   .          Rampage  .   (no gloves)
Will    .....                   e - +0 pair of boots
Stlth   ++........              (no amulet)
HPRegen 0.04/turn               (no ring)
MPRegen 0.09/turn               (no ring)

@: no status effects
A: no striking features
a: no special abilities


You were on level 1 of the Dungeon.
You visited 1 branch of the dungeon, and saw 1 of its levels.

You collected 9 gold pieces.

Inventory:

Hand Weapons
 a - a +0 dagger (weapon)
Armour
 b - a +0 robe (worn)
 c - a +0 hat (worn)
 e - a +0 pair of boots (worn)
Potions
 d - a potion of magic


   Skills:
 + Level 1.8 Dodging
 + Level 1.9 Stealth
 + Level 3.0 Spellcasting
 + Level 1.2 Conjurations
 + Level 1.1 Summonings
 + Level 1.1 Translocations


You had 5 spell levels left.
You knew the following spells:

 Your Spells              Type           Power      Damage    Failure   Level
a - Magic Dart            Conj           20%        1d4       12%         1

Your spell library contained the following spells:

 Spells                   Type           Power      Damage    Failure   Level
 Blink                    Tloc           10%        N/A       19%         2
 Call Imp                 Summ           5%         N/A       19%         2
 Slow                     Hex            8%         N/A       21%         1
 Conjure Flame            Conj/Fire      4%         6-21      43%         3
 Mephitic Cloud           Conj/Pois/Air  3%         N/A       45%         3


Dungeon Overview and Level Annotations

Branches:
Dungeon (1/15)

Altars:


Message History

No target in view!
No target in view!
A frilled lizard comes into view.
You are out of magic!
You are out of magic!
You see here a hobgoblin corpse.
A kobold comes into view. It is wielding a +0 trident.
Found a scroll labelled BAQ NYEVUXU.
The kobold moves out of view.
You closely miss the frilled lizard.
The frilled lizard hisses angrily.
The frilled lizard bites you.
You barely miss the frilled lizard. The frilled lizard bites you.
You are too injured to fight recklessly!
You are too injured to fight recklessly!
You are too injured to fight recklessly!
You are too injured to fight recklessly!
You are too injured to fight recklessly!
Casting: Magic Dart (safe; 12% risk of failure)
Confirm with . or Enter, or press ? or * to list all spells.
Aiming: Magic Dart (safe; 12% risk of failure)
Press: ? - help, Shift-Dir - straight line, f - frilled lizard
Aim: a frilled lizard (100% to hit)
The magic dart hits the frilled lizard.
The frilled lizard is heavily wounded.
The frilled lizard closely misses you.
You are too injured to fight recklessly!
You see here a hobgoblin corpse.
The frilled lizard attacks as you move away!
The frilled lizard closely misses you.
You barely miss the frilled lizard. The frilled lizard misses you.
You hit the frilled lizard.
You kill the frilled lizard!
The kobold hits you but does no damage.
There is an open door here.
There is an open door here.
The magic dart hits the kobold.
The kobold is severely wounded.
The kobold hits you from afar with a +0 trident!
Ouch! That really hurt!
You die...

#################
#...#...#.<.#..P#
#...#..P#.@^#...#
########'###'###'###'##
.....##......†.K......#
####..'.......##......#
# ####...............#
# ##'###'###'###'## #
#...#...#...#P..# #
#.(.#...#.P.#...# #
#################


You could see a kobold.

Vanquished Creatures
  A dart slug (D:1)
  A giant cockroach (D:1)
  A hobgoblin (D:1)
  2 frilled lizards (D:1)
  A rat (D:1)
6 creatures vanquished.

Notes
Turn   | Place    | Note
-------+----------+-------------------------------------------
     0 | D:1      | javelincjr the Demonspawn Hedge Wizard began the quest for
                  | the Orb.
     0 | D:1      | Reached XP level 1. HP: 13/13 MP: 4/4
    22 | D:1      | Reached skill level 1 in Translocations
   403 | D:1      | Slain by a kobold

Illustrated notes

Levels and vault maps discovered:
D:1:      dpeg_arrival_prison, layout_loops_cross

Skill      XL: |  1 |
---------------+----+-----
Translocations | 1 |  1.1
Dodging        | |  1.8
Stealth        | |  1.9
Spellcasting   | |  3.0
Conjurations   | |  1.2
Summonings     | |  1.1

Action                   || total
-------------------------++-------
Melee: Dagger            ||    18
 Cast: Magic Dart        ||    15
Armor: Robe              ||     6
Dodge: Dodged            ||    18
